 Dungeon Crawl Stone Soup version 0.24.0-28-g17ded55e90 (webtiles) character file.

Game seed: 9261146728083332205, levelgen mode: deterministic

201 PentaManta the Sneak (level 5, -2/34 HPs)
             Began as an Octopode Assassin on Nov 13, 2019.
             Slain by an iguana (9 damage)
             ... on level 4 of the Dungeon.
             The game lasted 00:04:46 (2643 turns).

PentaManta the Sneak (Octopode Assassin)            Turns: 2643, Time: 00:04:46

Health: -2/34      AC:  3    Str: 10    XL:     5   Next: 79%
Magic:  5/5        EV: 15    Int: 13    God:
Gold:   181        SH:  0    Dex: 15    Spells: 4/4 levels left

rFire    . . .     SeeInvis .   a - +2 dagger
rCold    . . .     Gourm    .   (no shield)
rNeg     . . .     Faith    .   (helmet restricted)
rPois    .         Spirit   .   s - amulet of rage
rElec    .         Reflect  .   t - +2 ring of protection
rCorr    .         Harm     .   (no ring)
MR       .....                  (no ring)
Stlth    ++++......             (no ring)
HPRegen  0.11/turn              (no ring)
MPRegen  0.09/turn              (no ring)
                                (no ring)
                                (no ring)

@: no status effects
A: almost no armour, stealthy swim, amphibious, 8 rings, constrict 8, camouflage
1, gelatinous body 1
a: Evoke Berserk Rage


You were on level 4 of the Dungeon.
You were not hungry.

You visited 1 branch of the dungeon, and saw 4 of its levels.

You collected 181 gold pieces.

Inventory:

Hand Weapons
 a - a +2 dagger (weapon)
Missiles
 b - 22 poisoned darts
 c - a curare-tipped dart (quivered)
Jewellery
 s - an amulet of rage (around mantle)
 t - a +2 ring of protection (left tentacle)
Scrolls
 e - 2 scrolls of enchant weapon {unknown}
 f - 6 scrolls of identify {unknown}
 g - 2 scrolls of fog {unknown}
 h - a scroll of blinking {unknown}
 j - 3 scrolls of enchant armour {unknown}
 k - 4 scrolls of remove curse {unknown}
 m - a scroll of teleportation {unknown}
 q - a scroll of magic mapping {unknown}
 u - a scroll of fear {unknown}
 v - a scroll of amnesia {unknown}
Potions
 i - a potion of might {unknown}
 l - 2 potions of heal wounds {unknown}
 n - 2 potions of brilliance {unknown}
 o - a potion of cancellation {unknown}
 p - a potion of magic {unknown}
 r - a potion of mutation {unknown}
 x - a potion of curing {unknown}
Comestibles
 d - 9 rations


   Skills:
 - Level 2.0 Fighting
 + Level 3.3 Short Blades
 - Level 2.0 Throwing
 * Level 3.9 Dodging
 + Level 6.6 Stealth


You had 4 spell levels left.
You didn't know any spells.
Your spell library was empty.

Dungeon Overview and Level Annotations

Branches:
Dungeon (4/15)
 Temple: D:4-7

Altars:
Dithmenos
Xom


Innate Abilities, Weirdness & Mutations

You cannot wear most types of armour.
You are very stealthy in the water. (Stealth+)
You are amphibious.
You can wear up to eight rings at the same time.
You can use your tentacles to constrict eight enemies at once.
Your skin changes colour to match your surroundings (Stealth+).
Your rubbery body absorbs attacks. (AC +1, EV +1)


Message History

You hit the iguana. Your grab misses the iguana.
The iguana is lightly wounded.
The iguana bites you!
You hit the iguana but do no damage. You grab the iguana.
The iguana is moderately wounded.
You constrict the iguana, but do no damage.
The iguana bites you!
* * * LOW HITPOINT WARNING * * *
You release your grip on the iguana.
Quiver which item? (- for none, * to show all) (? for menu, Esc to quit)
Quivering
c - 2 curare-tipped darts for throwing.
The iguana looks more healthy.
Throwing (i - inventory. (/) - cycle)
c - 2 curare-tipped darts (quivered)
Press: ? - help, Shift-Dir - straight line, f/p - iguana
Aim: an iguana (heavily wounded)
You throw a curare-tipped dart. The curare-tipped dart hits the iguana.
The iguana is poisoned.
The iguana convulses.
The iguana seems to slow down.
The iguana is almost dead.
The iguana bites you!
You die...

##### #...## #######§#..### ###
....#§§.#...##########.##
#.#§#§#.#..........#.#.##
#.§§.§.§..########..###.#
#§#.#.#.########.#.#.##
#...§.#.§.##.l@..<.....#.##
##.#...#.###.............###.).
#.....# #.#########.........
#....#### #.# #..#...... ###..
#.# #..#.....# #.. #.#
#....<...# #.. #.# ...#.....#
#. #. ....#.).<.# ...........#


You could see an iguana.

Vanquished Creatures
  A bullfrog (D:3)
  An orc priest (D:3)
  5 adders
  A worm (D:3)
  2 dart slugs (D:2)
  A leopard gecko (D:3)
  3 orcs (D:3)
  A giant cockroach (D:2)
  4 goblins
  5 hobgoblins
  3 jackals (D:1)
  5 kobolds
  3 quokkas
  7 bats
  4 frilled lizards (D:2)
  5 rats
51 creatures vanquished.

Notes
Turn   | Place    | Note
-------+----------+-------------------------------------------
     0 | D:1      | PentaManta the Octopode Assassin began the quest for the
                  | Orb.
     0 | D:1      | Reached XP level 1. HP: 14/14 MP: 1/1
   203 | D:1      | Reached XP level 2. HP: 13/19 MP: 2/2
   779 | D:2      | Reached XP level 3. HP: 16/24 MP: 3/3
  1574 | D:3      | Reached skill level 6 in Stealth
  1574 | D:3      | Reached XP level 4. HP: 21/29 MP: 4/4
  2352 | D:3      | Found a shimmering altar of Xom.
  2370 | D:3      | Reached XP level 5. HP: 29/34 MP: 5/5
  2378 | D:3      | Found a shimmering altar of Xom.
  2443 | D:3      | Found a shimmering altar of Xom.
  2624 | D:4      | Found a shadowy altar of Dithmenos.
  2643 | D:4      | Slain by an iguana

Levels and vault maps discovered:
D:1:      kilobyte_arrival_exit_the_forest, layout_rooms, kennysheep_flooded_box
D:2:      layout_basic, first_ration
D:3:      layout_rooms, xom_redecorated
D:4:      layout_loops_ring, nicolae_overflow_crystal_walls,
          grunt_dithmenos_smoke_and_mirrors

Skill      XL: |  1  2  3  4 |
---------------+-------------+-----
Dodging        | 2 3 |  3.9
Stealth        | 6 |  6.6
Short Blades   | 3 |  3.3
Fighting       | |  2.0
Throwing       | |  2.0

Action                   |  1- 3 |  4- 6 || total
-------------------------+-------+-------++-------
Melee: Dagger            |    67 |    47 ||   114
       Constrict         |    17 |     9 ||    26
       Tentacles         |    12 |    11 ||    23
Throw: Dart              |       |     3 ||     3
 Stab: Sleeping          |     8 |     6 ||    14
  Eat: Chunk             |     1 |     4 ||     5
Armor: Skin              |     2 |     2 ||     4
Dodge: Dodged            |    47 |    23 ||    70
